 Dungeon Crawl Stone Soup version 0.27-a0-1202-ge72e49191c (webtiles) character file.

Game seed: 17187688305788928103

7 robertstho the Caller (level 1, 0/10 HPs)
             Began as a Deep Elf Summoner on June 4, 2021.
             Succumbed to an adder's poison
             ... on level 2 of the Dungeon.
             The game lasted 00:01:14 (332 turns).

robertstho the Caller (Deep Elf Summoner)            Turns: 332, Time: 00:01:15

Health: 0/10       AC:  2    Str:  5    XL:     1   Next: 83%
Magic:  1/6        EV: 12    Int: 19    God:
Gold:   12         SH:  0    Dex: 15    Spells: 5/6 levels left

rFire    . . .     SeeInvis .   c - +0 mace
rCold    . . .     Faith    .   (no shield)
rNeg     . . .     Spirit   .   a - +0 robe
rPois    .         Reflect  .   (no helmet)
rElec    .         Harm     .   (no cloak)
rCorr    .         Rampage  .   (no gloves)
Will     .....                  (no boots)
Stlth    ++........             (no amulet)
HPRegen  0.03/turn              b - +4 ring of slaying
MPRegen  0.10/turn              (no ring)

@: lethally poisoned (0 -> -1)
A: no striking features
a: no special abilities


You were on level 2 of the Dungeon.
You visited 1 branch of the dungeon, and saw 2 of its levels.

You collected 12 gold pieces.

Inventory:

Hand Weapons
 c - a +0 mace (weapon)
Armour
 a - a +0 robe (worn)
Jewellery
 b - a +4 ring of slaying (left hand)
Scrolls
 d - a scroll of identify {unknown}


   Skills:
 + Level 2.4 Dodging
 * Level 2.6 Stealth
 * Level 3.0 Spellcasting
 * Level 4.7 Summonings


You had 5 spell levels left.
You knew the following spells:

 Your Spells              Type           Power      Damage    Failure   Level
a - Summon Small Mammal   Summ           80%        N/A       2%          1

Your spell library contained the following spells:

 Spells                   Type           Power      Damage    Failure   Level
 Call Imp                 Summ           20%        N/A       3%          2
 Call Canine Familiar     Summ           20%        N/A       7%          3
 Summon Guardian Golem    Hex/Summ       11%        N/A       17%         3
 Summon Ice Beast         Ice/Summ       11%        N/A       50%         4
 Summon Lightning Spire   Summ/Air       11%        N/A       50%         4


Dungeon Overview and Level Annotations

Branches:
Dungeon (1/15)

Altars:


Message History

An adder comes into view.
Casting: Summon Small Mammal (safe; 2% risk of failure)
Press: ? - help, Q - select action Dir - look around, f - activate The bat hits you. x2; The adder barely misses you.
Casting: Summon Small Mammal (safe; 2% risk of failure)
Press: ? - help, Q - select action Dir - look around, f - activate The bat hits you.
The bat closely misses you. The adder bites you.
You are lethally poisoned!
The adder poisons you!
Unknown command.
You swap places.
You feel sick. The bat barely misses your rat.
The bat hits your rat but does no damage.
The adder bites your rat.
Your rat dies!
Your rat's corpse disappears in a puff of smoke!
You swap places.
* * * LOW HITPOINT WARNING * * *
You feel sick. The bat misses your quokka.
The bat completely misses your quokka.
Your quokka closely misses the bat.
The adder closely misses something.
You aren't carrying any potions.
* * * LOW HITPOINT WARNING * * *
You feel sick.
The bat hits your bat but does no damage.
Something barely misses your bat.
Your bat completely misses the adder.
Something misses your bat. The bat barely misses your bat.
Your bat hits the adder but does no damage.
The adder closely misses your quokka. The bat misses your bat.
Something closely misses your bat.
Your bat hits the adder but does no damage.
Casting: Summon Small Mammal (safe; 2% risk of failure)
Press: ? - help, Q - select action Dir - look around, f - activate
* * * LOW HITPOINT WARNING * * *
You feel sick.
The bat hits your bat but does no damage.
Something hits your bat.
Your bat barely misses the bat.
Something misses your bat.
Your bat misses the adder. Something misses your bat.
You swap places.
You die...

..# .#..#
#.#..#
#.#..# ##
#.#..#.##
#.#..#.##
#.#..#.##
###.@....#
###.#b.#.#+#
#.#Sr#.# #
#..#.###
#SK#.###
#..# ### ..#
.


You could see 2 adders, a kobold, a friendly quokka (summoned) and a friendly
bat (summoned).

Vanquished Creatures (collateral kills)
  A dart slug (D:1)
  A bat (D:1)
  2 goblins (D:1)
  2 jackals (D:1)
  A kobold (D:1)
  A frilled lizard (D:1)
  A rat (D:1)
9 creatures vanquished.

Notes
Turn   | Place    | Note
-------+----------+-------------------------------------------
     0 | D:1      | robertstho the Deep Elf Summoner began the quest for the
                  | Orb.
     0 | D:1      | Reached XP level 1. HP: 10/10 MP: 6/6
   322 | D:1      | You fall into a shaft and drop 1 floor!
   332 | D:2      | Succumbed to an adder's poison

Illustrated notes

Levels and vault maps discovered:
D:1:      minmay_arrival_radiant_lines, layout_basic,
          chequers_serial_rivers_small_b
D:2:      minmay_razor_zed, layout_loops_cross,
          chequers_ecumenical_altar_island, kennysheep_generic_room_3,
          uniq_terence

Action                   || total
-------------------------++-------
 Cast: Summon Small Mamm ||    28
Armor: Robe              ||     4
Dodge: Dodged            ||     7

Table legend: (Time is in decaauts)
 A = Elapsed time spent in this place.
 B = Non-inter-level travel time spent in this place.
 C = Inter-level travel time spent in this place.
 D = Time resting spent in this place.
 E = Time spent auto-exploring this place.
 F = Levels seen in this place.
 G = Mean time per level.
                   A        B        C        D        E       F      G
               +--------+--------+--------+--------+--------+-----+--------+
         Total |    330 |    330 |      0 |      0 |    203 |   2 |  165.0 |
       Dungeon |    330 |    330 |      0 |      0 |    203 |   2 |  165.0 |
               +--------+--------+--------+--------+--------+-----+--------+

Top non-repeatable levels by time:
     D:1: 321 daAuts
     D:2: 9 daAuts
